 Dungeon Crawl Stone Soup version 0.28-a0-224-g76b539d98b (webtiles) character file.

Game seed: 8504651287509094944

161 zdrol the Shield-Bearer (level 5, -3/47 HPs)
             Began as a Minotaur Fighter on Aug 21, 2021.
             Splashed by Ijyb's acid (11 damage)
             ... on level 3 of the Dungeon.
             The game lasted 00:07:24 (2336 turns).

zdrol the Shield-Bearer (Minotaur Fighter)          Turns: 2336, Time: 00:07:25

Health: -3/47      AC:  6    Str: 21    XL:     5   Next: 19%
Magic:  4/4        EV:  6    Int:  5    God:
Gold:   65         SH:  8    Dex: 10    Spells: 4/4 levels left

rFire   + . .      SeeInvis .   a - +0 long sword
rCold   . . .      Faith    .   c - +0 kite shield
rNeg    . . .      Spirit   .   e - +0 chain mail
rPois   .          Reflect  .   (helmet restricted)
rElec   .          Harm     .   n - +0 cloak
rCorr   .          Rampage  .   (no gloves)
Will    .....                   (no boots)
Stlth   ..........              (no amulet)
HPRegen 0.15/turn               g - ring of protection from fire
MPRegen 0.09/turn               (no ring)

@: corroded
A: horns 2, retaliatory headbutt
a: no special abilities


You were on level 3 of the Dungeon.
You visited 1 branch of the dungeon, and saw 3 of its levels.

You collected 65 gold pieces.

Inventory:

Hand Weapons
 a - a +0 long sword (weapon)
Missiles
 k - 12 poisoned darts (quivered)
 p - 5 boomerangs
Armour
 b - a +0 scale mail
 c - a +0 kite shield (worn)
 e - a +0 chain mail (worn)
 n - a +0 cloak (worn)
Jewellery
 g - a ring of protection from fire (left hand)
Scrolls
 h - a scroll of magic mapping {unknown}
 i - a scroll of amnesia
 j - a scroll of fog {unknown}
 l - a scroll of enchant armour {unknown}
 q - a scroll of noise {unknown}
Potions
 d - a potion of might
 f - a potion of curing
 m - a potion of flight {unknown}
 o - a potion of ambrosia {unknown}


   Skills:
 + Level 4.5 Fighting
 + Level 3.7 Long Blades
 + Level 0.1 Throwing
 + Level 4.4 Armour
 + Level 1.5 Dodging
 + Level 0.1 Stealth
 + Level 4.8 Shields


You had 4 spell levels left.
You didn't know any spells.
Your spell library contained the following spells:

 Spells                   Type           Power      Damage    Failure   Level
 Animate Skeleton         Necr           0%         N/A       100%        1
 Apportation              Tloc           0%         N/A       100%        1
 Corona                   Hex            0%         N/A       100%        1
 Summon Small Mammal      Summ           0%         N/A       100%        1
 Blink                    Tloc           N/A        N/A       100%        2
 Manifold Assault         Tloc           0%         N/A       100%        5
 Storm Form               Tmut/Air       0%         N/A       100%        7


Dungeon Overview and Level Annotations

Branches:
Dungeon (3/15)

Altars:

Shops:
D:1 *

Annotations:
D:3 Ijyb


Innate Abilities, Weirdness & Mutations

You have a pair of horns on your head.
You reflexively headbutt those who attack you in melee.


Message History

The quokka completely misses you. You furiously retaliate!
You headbutt the quokka!
You kill the quokka!
A kobold comes into view. It is wielding a +0 whip.
Found an escape hatch in the floor.
The kobold shouts!
You block the kobold's attack.
You closely miss the kobold. You block the kobold's attack.
You closely miss the kobold. The kobold hits you but does no damage.
You hit the kobold. Your headbutt misses the kobold.
The kobold is severely wounded.
You block the kobold's attack. The kobold hits you but does no damage.
You barely miss the kobold.
The kobold is severely wounded.
The kobold hits you with a +0 whip.
You closely miss the kobold.
The kobold is severely wounded.
The kobold hits you but does no damage. The kobold barely misses you.
You riposte.
You slash the kobold!
You kill the kobold!
Things that are here:
a +0 whip; a stone; a kobold corpse Ijyb the Twisted Goblin comes into view.
She is wielding a +0 club and carrying a wand of acid (3).
Ijyb shouts!
Ijyb screams, "Me stronger than you!" Ijyb hits you but does no damage.
You closely miss Ijyb. Ijyb hits you with a +0 club.
You hit Ijyb but do no damage. You block Ijyb's attack.
You closely miss Ijyb. You headbutt Ijyb.
Ijyb is lightly wounded.
Ijyb hits you but does no damage. x2
You closely miss Ijyb. Your headbutt misses Ijyb.
Ijyb is lightly wounded.
Ijyb zaps a wand.
The bolt of acid hits you!
You are splashed with acid!
You closely miss Ijyb.
Ijyb is lightly wounded.
Ijyb barely misses you.
Ijyb zaps a wand.
The bolt of acid hits you!
* * * LOW HITPOINT WARNING * * *
The acid corrodes you!
You are splashed with acid!
You die...

#.....####......
#.....#.........
#........##.....
#.......#..#)...
###.###.#..#.... #
####.##...#.#.... ##.
#...........#..##
##...##.##........#..#
#....g@...........#..##
##...##...#.......#....
##. #...........#..## #
##.#........#....
#.#......#.#..##
#.#.##..#..#..##
#.......#..#.†..
##...##..##...##
#.†.##.......##


You could see Ijyb.

Vanquished Creatures
  Crazy Yiuf (D:2)
  Jessica (D:2)
  Natasha (twice) (D:2)
  An adder (D:3)
  2 dart slugs
  6 ball pythons
  3 endoplasms
  3 giant cockroaches
  5 hobgoblins
  3 quokkas
  9 bats
  2 goblins
  5 kobolds
  6 rats
49 creatures vanquished.

Notes
Turn   | Place    | Note
-------+----------+-------------------------------------------
     0 | D:1      | zdrol the Minotaur Fighter began the quest for the Orb.
     0 | D:1      | Reached XP level 1. HP: 19/19 MP: 0/0
   173 | D:1      | Found Ugyk's Assorted Antiques.
   224 | D:1      | Reached XP level 2. HP: 27/27 MP: 1/1
   967 | D:2      | Reached XP level 3. HP: 33/33 MP: 2/2
  1104 | D:2      | Noticed Jessica
  1112 | D:2      | Killed Jessica
  1276 | D:2      | Found a runed translucent door.
  1277 | D:2      | Noticed Crazy Yiuf
  1284 | D:2      | HP: 1/32 [Crazy Yiuf (2)]
  1286 | D:2      | Killed Crazy Yiuf
  1287 | D:2      | Reached skill level 1 in Dodging
  1287 | D:2      | Reached XP level 4. HP: 2/40 MP: 3/3
  1705 | D:2      | Noticed Natasha
  1713 | D:2      | Killed Natasha
  1786 | D:2      | Noticed Natasha
  1792 | D:2      | Killed Natasha
  1793 | D:2      | Reached XP level 5. HP: 47/47 MP: 4/4
  2065 | D:3      | Found a faded altar of an unknown god.
  2329 | D:3      | Noticed Ijyb
  2336 | D:3      | Splashed by Ijyb's acid

Illustrated notes

Levels and vault maps discovered:
D:1:      ebering_trefoil_3fold, layout_basic, serial_shops, shop_fountains,
          minmay_tromino_v2
D:2:      layout_loops_corners, uniq_crazy_yiuf_cottage, uniq_jessica,
          uniq_natasha
D:3:      layout_loops_cross, hellmonk_ecumenical_altar_run_dry,
          minmay_curled_crystal, uniq_ijyb

Skill      XL: |  1  2  3 |
---------------+----------+-----
Shields        | 4 |  4.8
Fighting       | 4 |  4.5
Armour         | 4 |  4.4
Long Blades    | 3 |  3.7
Dodging        | 1 |  1.5
Throwing       | |  0.1
Stealth        | |  0.1

Action                   |  1- 3 |  4- 6 || total
-------------------------+-------+-------++-------
Melee: Long sword        |    72 |    46 ||   118
       Headbutt          |     8 |     4 ||    12
Throw: Dart              |     3 |       ||     3
  Use: Scroll            |       |     3 ||     3
Armor: Chain mail        |    58 |    35 ||    93
       Scale mail        |     6 |       ||     6
Dodge: Dodged            |    19 |    21 ||    40
Block: Kite shield       |    41 |    24 ||    65
       Rpst.: Long sword |     3 |     9 ||    12

Table legend: (Time is in decaauts)
 A = Elapsed time spent in this place.
 B = Non-inter-level travel time spent in this place.
 C = Inter-level travel time spent in this place.
 D = Time resting spent in this place.
 E = Time spent auto-exploring this place.
 F = Levels seen in this place.
 G = Mean time per level.
                   A        B        C        D        E       F      G
               +--------+--------+--------+--------+--------+-----+--------+
         Total |   2398 |   2398 |      0 |    347 |   1138 |   3 |  799.3 |
       Dungeon |   2398 |   2398 |      0 |    347 |   1138 |   3 |  799.3 |
               +--------+--------+--------+--------+--------+-----+--------+

Top non-repeatable levels by time:
     D:2: 1279 daAuts
     D:1: 779 daAuts
     D:3: 339 daAuts
